 Dungeon Crawl Stone Soup version 0.13-a0-2477-geaae114 (webtiles) character file.

309 Rycklaryybbe the Ruffian (level 5, -6/40 HPs)
             Began as a Draconian Transmuter on July 19, 2013.
             Mangled by a gnoll
             ... wielding a +0,+0 halberd
              (9 damage)
             ... on Level 3 of the Dungeon.
             The game lasted 00:11:09 (3728 turns).

Rycklaryybbe the Ruffian (Draconian Transmuter)     Turns: 3728, Time: 00:11:09

HP  -6/40        AC  5     Str 13      XL: 5   Next: 42%
MP   7/7         EV  6     Int 13      God:
Gold 117         SH  0     Dex 12      Spells:  1 memorised,  7 levels left

Res.Fire  : . . .   See Invis. : .     - Unarmed
Res.Cold  : . . .   Warding    : .   (armour unavailable)
Life Prot.: . . .   Conserve   : .   (no shield)
Res.Poison: .       Res.Corr.  : .   (helmet restricted)
Res.Elec. : .       Clarity    : .   (no cloak)
Sust.Abil.: . .     Spirit.Shd : .   (no gloves)
Res.Mut.  : .       Stasis     : .   (no boots)
Res.Rott. : .       Flight     : .   (no amulet)
Saprovore : . . .                    (no ring)
                                     (no ring)

@: held, hasted, very quick, slightly resistant to hostile enchantments,
unstealthy
A: unfitting armour, AC +5
a: no special abilities


You were on level 3 of the Dungeon.
You were not hungry.

You visited 1 branch of the dungeon, and saw 3 of its levels.

You collected 97 gold pieces.

Inventory:

Hand weapons
 n - a +0,+0 elven spear
 p - a cursed -2,-2 orcish dagger (quivered)
 s - a +0 blowgun
Missiles
 b - 47 arrows
 h - 4 darts of frost
 r - 3 curare-tipped needles
Comestibles
 a - 4 bread rations
 l - 2 chunks of hobgoblin flesh
 q - 2 chunks of goblin flesh
Scrolls
 c - a scroll of teleportation {unknown}
 e - 5 scrolls of identify {unknown}
 g - a scroll of random uselessness {unknown}
 i - a scroll of blinking {unknown}
 k - 6 scrolls of remove curse {unknown}
 m - a scroll of fear {unknown}
 o - a scroll of enchant armour {unknown}
Potions
 f - a potion of curing
Books
 d - a book of Changes

   Spells                             Type                      Level
   *Beastly Appendage                 Transmutation                1
   Sticks to Snakes                   Transmutation                2
   Spider Form                        Transmutation/Poison         3
   Ice Form                           Ice/Transmutation            4
   Blade Hands                        Transmutation                5


   Skills:
 - Level 1.1 Fighting
 - Level 1.7 Dodging
 + Level 6.2 Unarmed Combat
 - Level 2.0 Spellcasting
 - Level 2.0 Transmutations


You had 7 spell levels left.
You knew the following spells:

 Your Spells              Type           Power        Failure   Level  Hunger
a - Beastly Appendage     Trmt           #.....       12%         1    ##.....


Dungeon Overview and Level Annotations

Branches:
Dungeon (3/27)

Altars:
Ashenzari
Kikubaaqudgha
Makhleb
Sif Muna
Trog

Annotations
D:1 fly poison dart


Message History

2 gnolls come into view.
A gnoll comes into view. It is wielding a halberd.
The gnoll hits you from afar with a halberd!
The gnoll shouts!
The gnoll throws a throwing net.
The throwing net misses you.
You see here a throwing net.
The gnoll throws a throwing net.
The throwing net hits you!
You become entangled in the net!
You see here a throwing net.
You try to slip out of the net.
You try to slip out of the net.
The gnoll closely misses you.
You struggle against the net.
The gnoll hits you from afar with a halberd!
The gnoll hits you from afar with a spear!
* * * LOW HITPOINT WARNING * * *
Unknown command.
Drink which item? (? for menu, Esc to quit)
You feel yourself speed up.
It was a potion of speed.
The gnoll hits you from afar with a halberd!
You die...

#.# #.# #.# #.#
#.#
############.####
#.#
#...g.g.........#
#.#
#.#####.#.#####.#
##########.# #g#
#.#.# #.##
#..........# #g#
#...# #...
#.#.###.#..# #.#
#.#.# #.##
#..........#
#@#####.#.#####g.#
###.#.###.#..#
#...........g.....
..#.#.#$#.#..#
##g#######........
#.%.#.###.#..##
#................
#.#...........#
#.######.##...###
..#.#.###.#...#
#.######.###.####
#.#...........#
#........# #.....
#.....#.#######
#..####### ######
....###.# #..#


You could see 3 gnolls.

Vanquished Creatures
  A crimson imp (D:3)
  Ijyb (D:2)
  Jessica (D:2)
  4 adders (D:3)
  A giant mite (D:3)
  2 worms
  An adder skeleton (D:3)
  2 ball pythons
  4 giant cockroaches
  5 hobgoblins
  7 kobolds
  3 quokkas
  11 bats
  7 giant newts
  7 goblins
  7 jackals (D:2)
  6 rats
70 creatures vanquished.

Vanquished Creatures (others)
  A human (D:2)
1 creature vanquished.

Grand Total: 71 creatures vanquished

Notes
Turn   | Place    | Note
--------------------------------------------------------------
     0 | D:1      | Rycklaryybbe, the Draconian Transmuter, began the quest for the Orb.
     0 | D:1      | Reached XP level 1. HP: 16/16 MP: 1/1
   217 | D:1      | Reached XP level 2. HP: 15/23 MP: 3/3
   724 | D:2      | Reached skill level 4 in Unarmed Combat
   828 | D:2      | Found a deep blue altar of Sif Muna.
   837 | D:2      | Reached XP level 3. HP: 28/28 MP: 4/4
   867 | D:2      | Noticed Jessica
   909 | D:2      | Noticed Ijyb
   928 | D:2      | Killed Ijyb
  1156 | D:2      | Found an ancient bone altar of Kikubaaqudgha.
  1219 | D:2      | Found a shattered altar of Ashenzari.
  1536 | D:2      | Killed Jessica
  1536 | D:2      | Reached skill level 5 in Unarmed Combat
  1536 | D:2      | Reached XP level 4. HP: 30/35 MP: 4/6
  1575 | D:2      | Noticed a moth of wrath
  1577 | D:2      | Found a bloodstained altar of Trog.
  1982 | D:3      | Reached XP level 5. HP: 25/40 MP: 7/7
  2261 | D:3      | HP: 2/40 [poisoned by a kobold (curare-tipped needle)]
  2623 | D:3      | Reached skill level 6 in Unarmed Combat
  3599 | D:3      | Found a burning altar of Makhleb.
  3728 | D:3      | Mangled by a gnoll

Action                   |  1- 3 |  4- 6 || total
-------------------------+-------+-------++-------
Melee: Spear             |    87 |       ||    87
       Unarmed           |    49 |   155 ||   204
Throw: Dagger            |       |     1 ||     1
       Spear             |       |     1 ||     1
 Cast: Beastly Appendage |     2 |     1 ||     3
  Use: Potion            |       |     3 ||     3
 Stab: Sleeping          |     1 |       ||     1
